Map: King's Cove LE

Players

讓太多妹想做新娘

  • Race: Protoss Protoss
  • League: Diamond
  • Spawn Location: 5:00

llllllllllll - Winner!

  • Race: Terran Terran
  • League: Diamond
  • Spawn Location: 11:00

VOD

Have the link to the VOD?

Description

Time

  • Played on: April 25, 2025, 7:22 a.m.
  • Length: 3:47
Show
View Real Time Build Order
Export as new Build Order

讓太多妹想做新娘 Protoss 

Build Orders:  

Get SALT Encoding   

  12  0:00  Probe  
  13  0:12  Probe  
  14  0:19  Pylon  
  14  0:24  Probe  
  15  0:34  Probe  
  15  0:40  Gateway  
  15  0:42  Probe  
  16  0:49  Assimilator  
  17  0:51  Probe  
  18  1:03  Probe  
  19  1:15  Probe  
  20  1:27  Probe  
  20  1:29  Cybernetics Core  
  21  1:39  Probe  
  22  1:56  Pylon  
  22  2:01  Gateway  
  22  2:04  Stalker  
  24  2:22  Shield Battery  
  24  2:27  Probe  
  25  2:34  Stalker  
  23  2:43  Probe  
  24  2:46  Stalker, Pylon  
  26  2:53  Stalker  
  13  3:20  Zealot  
Show
View Real Time Build Order
Export as new Build Order

llllllllllll Terran - Winner!

Build Orders:  

Get SALT Encoding   

  12  0:00  SCV  
  13  0:12  SCV  
  14  0:18  Supply Depot  
  14  0:24  SCV  
  15  0:31  Refinery  
  15  0:47  Barracks  
  15  1:03  Barracks  
  15  1:21  Barracks  
  15  1:34  Reaper  
  15  1:37  Refinery  
  16  1:49  Reaper  
  17  2:06  Reaper  
  17  2:08  Reaper  
  19  2:21  Reaper  
  20  2:23  Orbital Command  
  20  2:39  Reaper  
  20  2:40  Reaper  
  22  2:54  Reaper  
  22  2:58  SCV  
  24  3:11  Reaper  
  24  3:12  Reaper  
  26  3:15  SCV  
  26  3:31  SCV  
Tags
 
Add a new tag
Caveats
  • Supply blocks, unpowered buildings, or Contaminate may cause inaccurate times.
  • Supply counts are checked every 10 seconds.